 Dungeon Crawl Stone Soup version 0.32-a0-306-gfed3edf829 (webtiles) character file.

Game seed: 8059897622255876508

6123 n00bmints the Basher (level 10, -7/90 HPs)
             Began as a Minotaur Berserker on Feb 15, 2024.
             Was a Believer of Trog.
             Mangled by a blink frog (11 damage)
             ... on level 1 of the Lair of Beasts.
             The game lasted 00:57:32 (10504 turns).

n00bmints the Basher (Minotaur Berserker)          Turns: 10504, Time: 00:57:32

Health: -7/90      AC: 10    Str: 26    XL:     10   Next: 59%
Magic:  9/9        EV: 11    Int:  4    God:    Trog [**....]
Gold:   581        SH:  8    Dex: 10    Spells: 9/9 levels left

rFire   . . .        q - +0 morningstar (venom)
rCold   + . .        m - +0 kite shield
rNeg    . . .        e - +2 scale mail {rC+}
rPois   .            (helmet restricted)
rElec   .            (no cloak)
rCorr   .            (no gloves)
SInv    .            (no boots)
Will    .....        (no amulet) Stlth
                     (no ring)
HPRegen 0.35/turn    (no ring)
MPRegen 0.11/turn

%: no passive effects
@: frozen, on berserk cooldown, slowed, very slow
A: horns 2, retaliatory headbutt
a: Renounce Religion, Berserk, Trog's Hand


You were on level 1 of the Lair of Beasts.
You worshipped Trog.
Trog was pleased with you.
You visited 3 branches of the dungeon, and saw 12 of its levels.

You collected 581 gold pieces.

Inventory:

Hand Weapons
 o - the +9 trident "Eneqiag" {freeze, *Rage rCorr Str+6 Dex-5}
   (You found it on level 8 of the Dungeon)

   Str+6:     It affects your strength (+6).
   Dex-5:     It affects your dexterity (-5).
   *Rage:     It berserks you when you make melee attacks (+20% chance).
   rCorr:     It protects you from acid and corrosion.
 p - a +0 flail of holy wrath
 q - a +0 morningstar of venom (weapon)
 L - a +2 hand axe of draining
Missiles
 c - 2 throwing nets (quivered)
Armour
 e - a +2 scale mail of cold resistance (worn)
 m - a +0 kite shield (worn)
Jewellery
 C - a +6 ring of dexterity
 F - a ring of protection from cold
 H - a ring of willpower
Talismans
 n - a beast talisman
 B - a serpent talisman
Wands
 u - a wand of digging (4)
 E - a wand of polymorph (5)
 G - a wand of paralysis (6)
Scrolls
 a - a scroll of immolation {unknown}
 b - 3 scrolls of fog {unknown}
 d - 3 scrolls of noise
 h - 4 scrolls of teleportation
 j - a scroll of amnesia
 k - 2 scrolls of poison
 l - a scroll of brand weapon {unknown}
 v - a scroll of vulnerability {unknown}
 x - a scroll of fear {unknown}
 y - a scroll of silence {unknown}
 D - a scroll of revelation {unknown}
 I - a scroll of identify
 J - a scroll of acquirement {unknown}
 K - a scroll of blinking
Potions
 f - a potion of ambrosia {unknown}
 g - 2 potions of degeneration
 i - a potion of enlightenment {unknown}
 r - a potion of haste {unknown}
 s - 2 potions of attraction
 t - a potion of heal wounds {unknown}
 w - 2 potions of magic {unknown}
 z - a potion of curing {unknown}
 A - 2 potions of lignification {unknown}
 M - 2 potions of might {unknown}


   Skills:
 * Level 8.5 Fighting
 * Level 12.8 Maces & Flails
 * Level 10.6 Armour
 + Level 5.3 Dodging
 + Level 1.3 Stealth
 + Level 3.8 Shields


You had 9 spell levels left.
You didn't know any spells.
Your spell library was empty.

Dungeon Overview and Level Annotations

Branches:
Dungeon (10/15)            Temple (1/1) D:5            Lair (1/5) D:10
    Orc (0/2) D:10

Altars:
Ashenzari
Cheibriados
Dithmenos
Elyvilon
Fedhas
Gozag
Hepliaklqana
Kikubaaqudgha
Makhleb
Nemelex Xobeh
Okawaru
Ru
Sif Muna
Trog
Uskayaw
Vehumet
Wu Jian
Xom
Yredelemnul
Zin
The Shining One

Annotations:
D:6 Jeremiah


Innate Abilities, Weirdness & Mutations

You have a pair of horns on your head.
You reflexively headbutt those who attack you in melee.


Message History

The blink frog blinks!
You block the wolf's attack. The wolf barely misses you.
You barely miss the blink frog.
You are no longer berserk.
You are exhausted.
You feel yourself slow down.
The blink frog blinks! x2
The wolf bites you but does no damage. x2
The wolf bites you. The wolf bites you but does no damage.
The rime drake bites you.
* * * LOW HITPOINT WARNING * * *
The wolf barely misses you. The wolf bites you but does no damage.
The rime drake misses you. You furiously retaliate!
You headbutt the rime drake! The wolf bites you.
* * * LOW HITPOINT WARNING * * *
You see here a wolf corpse.
The wolf attacks as it pursues you! The wolf barely misses you.
The blink frog blinks!
The wolf attacks as it pursues you! The wolf barely misses you.
The rime drake attacks as it pursues you!
The rime drake barely misses you. You furiously retaliate!
You headbutt the rime drake!
The wolf pauses to sniff the ground.
The wolf bites you.
* * * LOW HITPOINT WARNING * * *
The wolf closely misses you. You block the rime drake's attack.
You block the wolf's attack. You block the blink frog's attack.
The wolf attacks as it pursues you! The wolf bites you.
* * * LOW HITPOINT WARNING * * *
The wolf barely misses you.
The blink frog blinks!
The wolf bites you but does no damage. The rime drake breathes ice at you.
The icy flash freeze hits you! You partially resist.
* * * LOW HITPOINT WARNING * * *
You are encased in ice.
You block the wolf's attack.
There is a staircase back to the Dungeon here.
The wolf bites you.
* * * LOW HITPOINT WARNING * * *
The blink frog hits you!
You die...

..... ....#
#.....##...##
#...........#
#..F........##
#...........P#
#...........#
#...........#
#.......†FF#
.....#.†h@#
#.....§.†h.#
#.......[k.#
#......#####
#.....# #.....
#..... #.....


You could see 3 blink frogs, a rime drake (catching breath) and 2 wolves.

Vanquished Creatures
  Erica (D:9)
  A manticore (D:10)
  Joseph (D:9)
  2 unseen horrors (D:10)
  A troll (D:9)
  Sigmund (D:2)
  A wyvern (D:9)
  3 steam dragons
  Edmund (D:6)
  3 water moccasins (D:9)
  Duvessa (D:6)
  A sky beast (D:8)
  An orc warrior (D:10)
  2 ice beasts
  An ogre (D:6)
  A black bear (D:6)
  4 wolves (Lair:1)
  A centaur (D:9)
  2 kobold brigands
  A bullfrog (D:8)
  A gnoll sergeant (D:9)
  4 scorpions
  Dowan (D:6)
  5 killer bees (D:10)
  5 howler monkeys
  2 orc priests (D:9)
  A hound (D:6)
  A jelly (D:4)
  A bombardier beetle (D:5)
  Crazy Yiuf (D:4)
  2 sleepcaps
  4 iguanas
  Natasha (thrice) (D:2)
  5 orc wizards
  8 gnolls
  8 adders
  A shadow imp (D:8)
  A ribbon worm (D:4)
  21 orcs
  A ball python (D:3)
  4 bats
  6 endoplasms
  8 giant cockroaches
  7 goblins
  A hobgoblin (D:1)
  6 jackals (D:1)
  2 quokkas
  A frilled lizard (D:1)
  15 kobolds
  2 rats
158 creatures vanquished.

Notes
Turn   | Place    | Note
-------+----------+-------------------------------------------
     0 | D:1      | n00bmints the Minotaur Berserker began the quest for the
                  | Orb.
     0 | D:1      | Reached XP level 1. HP: 19/19 MP: 0/0
   254 | D:1      | Reached XP level 2. HP: 26/27 MP: 1/1
   275 | D:1      | Reached skill level 4 in Maces & Flails
   459 | D:1      | Reached XP level 3. HP: 29/33 MP: 2/2
   789 | D:2      | Noticed Sigmund
   812 | D:2      | HP: 2/51 [something/magic dart (5)]
   814 | D:2      | Killed Sigmund
   815 | D:2      | Reached skill level 5 in Fighting
   815 | D:2      | Reached skill level 5 in Maces & Flails
   815 | D:2      | Reached XP level 4. HP: 4/42 MP: 3/3
   815 | D:2      | Reached XP level 5. HP: 4/48 MP: 4/4
  1562 | D:2      | Noticed Natasha
  1575 | D:2      | Killed Natasha
  1635 | D:2      | Reached skill level 6 in Maces & Flails
  2001 | D:2      | Noticed Natasha
  2012 | D:2      | Killed Natasha
  2013 | D:2      | Reached XP level 6. HP: 50/56 MP: 5/5
  2235 | D:2      | Noticed Natasha
  2241 | D:2      | Killed Natasha
  2241 | D:2      | Reached ** piety under Trog
  2448 | D:3      | Found a faded altar of an unknown god.
  3887 | D:4      | Reached skill level 7 in Maces & Flails
  3991 | D:4      | Reached skill level 1 in Shields
  3991 | D:4      | Reached XP level 7. HP: 56/61 MP: 6/6
  4180 | D:4      | Reached skill level 5 in Armour
  4265 | D:4      | Found a runed translucent door.
  4268 | D:4      | Noticed Crazy Yiuf
  4273 | D:4      | Killed Crazy Yiuf
  4789 | D:5      | Entered Level 5 of the Dungeon
  5330 | D:5      | Found a glowing drain.
  5349 | D:5      | Reached skill level 8 in Maces & Flails
  5358 | D:5      | Found a staircase to the Ecumenical Temple.
  5379 | Temple   | Entered the Ecumenical Temple
  5772 | D:6      | Reached XP level 8. HP: 54/70 MP: 7/7
  5870 | D:6      | Noticed Dowan
  5871 | D:6      | Noticed Duvessa
  5879 | D:6      | Killed Duvessa
  5886 | D:6      | Killed Dowan
  6088 | D:6      | Noticed Edmund
  6097 | D:6      | Killed Edmund
  6113 | D:6      | Reached skill level 9 in Maces & Flails
  6495 | D:6      | Noticed Jeremiah
  7244 | D:7      | You fall into a shaft and drop 2 floors!
  7439 | D:9      | Reached skill level 1 in Stealth
  7456 | D:9      | Reached XP level 9. HP: 70/70 MP: 8/8
  7460 | D:9      | Reached skill level 10 in Maces & Flails
  7569 | D:8      | Identified the +9 trident "Eneqiag" {freeze, *Rage rCorr
                  | Str+6 Dex-5}
  8653 | D:9      | Noticed Joseph
  8664 | D:9      | Killed Joseph
  8665 | D:9      | Reached skill level 11 in Maces & Flails
  8816 | D:9      | Noticed Erica
  8831 | D:9      | Killed Erica
  8834 | D:9      | Reached skill level 5 in Dodging
  8981 | D:9      | Noticed a troll
  8988 | D:9      | Killed a troll
  8989 | D:9      | Reached XP level 10. HP: 88/88 MP: 9/9
  9123 | D:9      | Reached skill level 12 in Maces & Flails
  9466 | D:10     | Entered Level 10 of the Dungeon
  9755 | D:10     | Reached skill level 10 in Armour
  9827 | D:10     | Found a staircase to the Orcish Mines.
 10099 | D:10     | Found a hazy altar of Hepliaklqana.
 10255 | D:10     | Noticed a manticore
 10263 | D:10     | Killed a manticore
 10466 | D:10     | Found a staircase to the Lair.
 10473 | Lair:1   | Entered Level 1 of the Lair of Beasts
 10504 | Lair:1   | HP: 4/90 [wolf (3)]
 10504 | Lair:1   | Mangled by a blink frog

Illustrated notes

Levels and vault maps discovered:
D:1:      minmay_arrival_four_houses, layout_loops_cross, minmay_misc_feat_iff
D:2:      layout_basic, uniq_sigmund, uniq_natasha
D:3:      layout_basic, shapermc_ecumenical_altar_starsandcircs
D:4:      layout_basic, uniq_crazy_yiuf_cottage
D:5:      layout_loops_ring, minmay_temple_entry_offerings,
          gup_sewer_entry_glass
D:6:      layout_loops_corners, uniq_jeremiah, uniq_edmund, uniq_duvessa
D:7:      layout_cave_pools, serial_shops, nicolae_shop_window_shopping
D:8:      layout_basic, minivault_1
D:9:      layout_basic, enter_bailey_3, uniq_joseph, uniq_erica
D:10:     layout_rooms, mainiacjoe_overflow_alcove_4,
          mainiacjoe_overflow_catwalk, lair_entry_dummy
Temple:   nicolae_temple_bog_church
Lair:1:   layout_gridlike, infiniplex_staircase_pool

Skill      XL: |  1  2  3  4  5  6  7  8  9 10 |
---------------+-------------------------------+-----
Maces & Flails | 4 5 6 7 8 9 11 12 | 12.8
Fighting       | 4 5 6 7 8 |  8.5
Armour         | 3 4 6 7 9 10 | 10.6
Dodging        | 3 5 |  5.3
Shields        | 1 2 3 |  3.8
Stealth        | 1 |  1.3

Action                     |  1- 3 |  4- 6 |  7- 9 | 10-12 || total
---------------------------+-------+-------+-------+-------++-------
  Melee: Mace              |    35 |    67 |       |       ||   102
         Headbutt          |     3 |    16 |    37 |    14 ||    70
         Flail             |       |    13 |       |       ||    13
         Morningstar       |       |     9 |   207 |    95 ||   311
         Unarmed           |       |       |     1 |       ||     1
 Invoke: Berserk           |     1 |     3 |    19 |     4 ||    27
         Trog's Hand       |       |       |     2 |       ||     2
    Use: Scroll            |       |       |     7 |       ||     7
 Armour: Animal skin       |     5 |       |       |       ||     5
         Leather armour    |    32 |     7 |       |       ||    39
         Chain mail        |       |    48 |       |       ||    48
         Scale mail        |       |    14 |   149 |   141 ||   304
  Dodge: Dodged            |    31 |    32 |    71 |    66 ||   200
  Block: Kite shield       |     1 |    38 |    64 |    75 ||   178

Table legend: (Time is in decaauts)
 A = Elapsed time spent in this place.
 B = Non-inter-level travel time spent in this place.
 C = Inter-level travel time spent in this place.
 D = Time resting spent in this place.
 E = Time spent auto-exploring this place.
 F = Levels seen in this place.
 G = Mean time per level.
                   A        B        C        D        E       F      G
               +--------+--------+--------+--------+--------+-----+--------+
         Total |  10846 |  10545 |    301 |      0 |   3276 |  12 |  903.8 |
       Dungeon |  10766 |  10465 |    301 |      0 |   3276 |  10 | 1076.6 |
        Temple |     56 |     56 |      0 |      0 |      0 |   1 |   56.0 |
          Lair |     24 |     24 |      0 |      0 |      0 |   1 |   24.0 |
               +--------+--------+--------+--------+--------+-----+--------+

Top non-repeatable levels by time:
     D:4: 1710 daAuts
     D:2: 1418 daAuts
     D:9: 1280 daAuts
     D:6: 1091 daAuts
     D:8: 1048 daAuts
    D:10: 1030 daAuts
     D:3: 959 daAuts
     D:1: 907 daAuts
     D:5: 803 daAuts
     D:7: 515 daAuts
  Temple: 56 daAuts
  Lair:1: 24 daAuts
